 Seeded DCSS version 0.29.1-15-g9cfb28693d (webtiles) character file.

Game seed: 70 (custom seed)

1936 Psyclone the Thaumaturge (level 8, 41/41 HPs)
             Began as a Deep Elf Conjurer on Sept 24, 2023.
             Was an Initiate of Ashenzari.
             Quit the game on level 5 of the Dungeon.
             The game lasted 00:14:13 (6968 turns).

Psyclone the Thaumaturge (Deep Elf Conjurer)        Turns: 6968, Time: 00:14:13

Health: 41/41      AC:  8    Str:  4    XL:     8   Next: 97%
Magic:  25/25      EV: 16    Int: 26    God:    Ashenzari [......]
Gold:   298        SH:  0    Dex: 13    Spells: 26/29 levels left

rFire   . . .      SeeInvis .   l - +1 short sword (speed)
rCold   . . .      Faith    .   (no shield)
rNeg    . . .      Spirit   .   a - +1 robe
rPois   .          Reflect  .   (no helmet)
rElec   .          Harm     .   q - +0 cloak
rCorr   .          Rampage  .   (no gloves)
Will    .....                   (no boots)
Stlth   ++........              (no amulet)
HPRegen 0.13/turn               t - +4 ring of protection
MPRegen 0.19/turn               w - +4 ring of evasion

@: no status effects
A: no striking features
a: Renounce Religion


You were on level 5 of the Dungeon.
You worshipped Ashenzari.
Ashenzari was noncommittal.
You visited 2 branches of the dungeon, and saw 6 of its levels.
You also visited: Ossuary.

You collected 298 gold pieces.

Inventory:

Hand Weapons
 c - a +0 short sword of venom
 l - a +1 short sword of speed (weapon)
Armour
 a - a +1 robe (worn)
 e - a scarf of resistance
 q - a +0 cloak (worn)
Jewellery
 g - a ring of fire
 i - a ring of flight
 t - a +4 ring of protection (left hand)
 u - an amulet of the acrobat
 w - a +4 ring of evasion (right hand)
Scrolls
 d - 4 scrolls of fear
 f - 3 scrolls of poison
 m - 3 scrolls of enchant armour
 p - 4 scrolls of identify {@r1}
 r - 5 scrolls of teleportation
 s - 3 scrolls of brand weapon
 y - a scroll of vulnerability
Potions
 b - 2 potions of magic
 h - a potion of degeneration
 j - 7 potions of curing
 k - a potion of ambrosia
 n - a potion of lignification
 o - a potion of flight
 v - a potion of might
 x - a potion of brilliance


   Skills:
 - Level 2.4 Dodging
 - Level 2.4 Stealth
 + Level 11.1 Spellcasting
 + Level 10.1 Conjurations


You had 26 spell levels left.
You knew the following spells:

 Your Spells              Type           Power      Damage    Failure   Level
a - Magic Dart            Conj           100%       1d8       1%          1
b - Searing Ray           Conj           100%       2d8       1%          2

Your spell library contained the following spells:

 Spells                   Type           Power      Damage    Failure   Level
 Dazzling Flash           Conj/Hex       80%        N/A       1%          3
 Fulminant Prism          Conj/Hex       20%        3d13      4%          4
 Iskenderun's Mystic Bla  Conj/Tloc      40%        2d9       4%          4
 Portal Projectile        Hex/Tloc       28%        N/A       12%         3
 Tukima's Dance           Hex            14%        N/A       12%         3
 Summon Lightning Spire   Summ/Air       14%        N/A       38%         4
 Blade Hands              Tmut           7%         N/A       75%         5
 Dispersal                Tloc           7%         N/A       99%         6
 Storm Form               Tmut/Air       7%         N/A       100%        7
 Disjunction              Tloc           7%         N/A       100%        8
 Maxwell's Capacitive Co  Air            7%         ∞         100%        8


Dungeon Overview and Level Annotations

Branches:
Dungeon (5/15) Zot: 24948  Temple (1/1) D:5 Zot: 5657 Ossuary (visited)

Altars:
Ashenzari
Cheibriados
Fedhas
Hepliaklqana
Makhleb
Nemelex Xobeh
Okawaru
Qazlal
Ru
Sif Muna
Trog
Uskayaw
Wu Jian
Yredelemnul
Zin

Shops:
D:2 [


Message History

Casting: Searing Ray (safe; 1% risk of failure)
Confirm with . or Enter, or press ? or * to list all spells.
Aiming: Searing Ray (safe; 1% risk of failure)
Press: ? - help, Shift-Dir - straight line, f - adder
Aim: an adder (asleep, 100% to hit)
The searing ray hits the adder!
You kill the adder! (Press . to maintain the ray.)
You now have 23/25 mp.
You now have 22/25 mp.
You now have 21/25 mp.
You finish channelling your searing ray.
You now have 20/25 mp.
You see here a +1 hat.
r - 5 scrolls of teleportation (gained 1)
y - a scroll labelled SUQ JALAOC MP restored: 25 You pick up a book of the Sky and begin reading...
You add the spells Summon Lightning Spire, Storm Form and Maxwell's Capacitive Coupling to your library.
There is a stone staircase leading down here.
You see here a +0 morningstar.
You see here a +0 short sword.
Things that are here:
a +0 robe; a +0 dagger
p - 5 scrolls of identify {@r1} (gained 1)
Found a rapier.
You see here a +0 rapier.
There is a stone staircase leading up here.
There is a stone staircase leading up here.
Things that are here:
a +0 robe; a +0 scythe Done exploring.
Done exploring.
Search for what [Enter for "."]? .
Okay, then.
As you read the scroll of identify {@r1}, it crumbles to dust.
y - a scroll of vulnerability
Okay, then.
Unknown command.
Are you sure you want to abandon this character and quit the game? (Confirm with "yes".)

######## #@.....#
#.####.###
#.####...#########
#.#......#.....#..
#.#.##...#......##
#.#.##............
#......>.#......#.
###.######....)#..
#...(.# #########


There were no monsters in sight!

Vanquished Creatures
  Pikel (D:4)
  Sigmund (D:5)
  2 ogres (D:5)
  A bullfrog (D:5)
  A necrophage (D:4)
  9 scorpions
  2 centaur zombies (Ossuary)
  A human zombie (Ossuary)
  Crazy Yiuf (D:3)
  3 scorpion zombies (Ossuary)
  Jessica (D:2)
  3 orc wizards (D:5)
  An iguana (D:5)
  3 mummies (Ossuary)
  Robin (D:3)
  5 adders
  A dart slug (D:3)
  15 orcs
  10 ball pythons
  6 bats
  9 endoplasms
  A giant cockroach (D:1)
  14 goblins
  6 hobgoblins
  3 quokkas
  4 frilled lizards
  3 gnoll zombies (Ossuary)
  3 goblin zombies (Ossuary)
  3 hobgoblin zombies (Ossuary)
  7 kobolds
  3 kobold zombies (Ossuary)
  An orc zombie (Ossuary)
  5 rats
130 creatures vanquished.

Notes
Turn   | Place    | Note
-------+----------+-------------------------------------------
     0 | D:1      | Psyclone the Deep Elf Conjurer began the quest for the Orb.
     0 | D:1      | Reached XP level 1. HP: 10/10 MP: 6/6
   177 | D:1      | Reached XP level 2. HP: 15/15 MP: 4/8
   295 | D:1      | Learned a level 2 spell: Searing Ray
   524 | D:1      | Found a faded altar of an unknown god.
   684 | D:1      | Reached skill level 4 in Spellcasting
   855 | D:2      | Noticed Jessica
   859 | D:2      | Killed Jessica
   860 | D:2      | Reached skill level 5 in Conjurations
   860 | D:2      | Reached XP level 3. HP: 19/19 MP: 4/10
   916 | D:2      | Found a snail-covered altar of Cheibriados.
  1287 | D:2      | Found Xizxig's Armour Shoppe.
  1356 | D:2      | Reached XP level 4. HP: 24/24 MP: 8/12
  2021 | D:3      | Reached skill level 5 in Spellcasting
  2058 | D:3      | Identified the +2 helmet of Gyrat {+Inv rF- rN++ Stlth+}
  2058 | D:3      | Noticed Robin
  2072 | D:3      | Killed Robin
  2629 | D:3      | Found a runed translucent door.
  2630 | D:3      | Noticed Crazy Yiuf
  2914 | D:3      | Killed Crazy Yiuf
  2915 | D:3      | Reached XP level 5. HP: 18/28 MP: 10/15
  3104 | D:4      | Found a sand-covered staircase.
  3152 | D:4      | Found a bloodstained altar of Trog.
  3161 | D:4      | Found a sparkling altar of Nemelex Xobeh.
  3327 | Ossuary  | Entered an ossuary
  3344 | Ossuary  | Reached skill level 6 in Spellcasting
  3577 | Ossuary  | Reached XP level 6. HP: 29/32 MP: 4/17
  4000 | Ossuary  | Reached skill level 7 in Spellcasting
  4137 | Ossuary  | Reached XP level 7. HP: 23/36 MP: 5/20
  4421 | Ossuary  | Reached skill level 8 in Spellcasting
  5027 | D:4      | Noticed Pikel
  5037 | D:4      | Killed Pikel
  5038 | D:4      | Reached skill level 9 in Spellcasting
  5038 | D:4      | Reached XP level 8. HP: 26/41 MP: 13/23
  5313 | D:4      | Found a sacrificial altar of Ru.
  5669 | D:5      | Entered Level 5 of the Dungeon
  5675 | D:5      | Noticed Sigmund
  5679 | D:5      | Killed Sigmund
  5680 | D:5      | Reached skill level 10 in Spellcasting
  6211 | D:5      | Found a staircase to the Ecumenical Temple.
  6225 | D:5      | Reached skill level 11 in Spellcasting
  6225 | D:5      | Reached skill level 10 in Conjurations
  6231 | Temple   | Entered the Ecumenical Temple
  6497 | Temple   | Became a worshipper of Ashenzari the Shackled
  6968 | D:5      | Quit the game

Illustrated notes

Levels and vault maps discovered:
D:1:      lemuel_arrival_broad_hall, layout_basic, basic_ecumenical_altar
D:2:      layout_basic, basic_altar, serial_shops, nicolae_shop_crystal,
          minmay_strange_pillars, uniq_jessica
D:3:      layout_basic, amcnicky_mini_corridor_feature, uniq_crazy_yiuf_cottage,
          uniq_robin
D:4:      layout_loops_ring, amethyst_overflow_temple_binary,
          old_standard_altar, nicolae_ossuary_entry_false_entrances, uniq_pikel
D:5:      layout_loops_cross, minmay_temple_entry_nine_rooms, uniq_sigmund
Temple:   chequers_temple_sunken

Skill      XL: |  1  2  3  4  5  6  7  8 |
---------------+-------------------------+-----
Spellcasting   | 4 5 6 7 9 11 | 11.1
Conjurations   | 5 6 7 9 10 | 10.1
Dodging        | |  2.4
Stealth        | |  2.4

Action                   |  1- 3 |  4- 6 |  7- 9 || total
-------------------------+-------+-------+-------++-------
Melee: Short sword       |       |     5 |    31 ||    36
       Punch             |       |       |     1 ||     1
 Cast: Magic Dart        |    61 |    56 |    19 ||   136
       Searing Ray       |     1 |    22 |    31 ||    54
  Use: Scroll            |     2 |     7 |     2 ||    11
       Potion            |     1 |     4 |     5 ||    10
Armor: Robe              |     1 |    10 |    22 ||    33
Dodge: Dodged            |     2 |    26 |    35 ||    63
